 Dungeon Crawl Stone Soup version 0.27.1-3-gb3d3a73c9e (webtiles) character file.

Game seed: 11597518710005791165

3357 sking99 the Cleaver (level 10, 0/88 HPs)
             Began as a Hill Orc Fighter on Oct 13, 2021.
             Was a Follower of Nemelex Xobeh.
             Slain by an eight-headed hydra (4 damage)
             ... on level 7 of the Dungeon.
             The game lasted 00:14:41 (7191 turns).

sking99 the Cleaver (Hill Orc Fighter)              Turns: 7191, Time: 00:14:42

Health: 0/88       AC: 16    Str: 23    XL:     10   Next: 3%
Magic:  11/11      EV:  6    Int:  8    God:    Nemelex Xobeh [*.....]
Gold:   320        SH: 11    Dex: 10    Spells: 9/9 levels left

rFire    . . .     SeeInvis .   w - +0 broad axe
rCold    . . .     Faith    .   c - +0 kite shield
rNeg     . . .     Spirit   .   p - +0 chain mail
rPois    .         Reflect  .   o - +2 helmet
rElec    .         Harm     .   d - +0 cloak
rCorr    .         Rampage  .   (no gloves)
Will     .....                  e - +0 pair of boots
Stlth    ..........             (no amulet)
HPRegen  0.24/turn              (no ring)
MPRegen  0.12/turn              (no ring)

@: marked
A: no striking features
a: Renounce Religion, Draw Escape, Draw Destruction, Draw Summoning


You were on level 7 of the Dungeon.
You worshipped Nemelex Xobeh.
Nemelex Xobeh was aware of your devotion.
You visited 2 branches of the dungeon, and saw 8 of its levels.

You collected 320 gold pieces.

Inventory:

Hand Weapons
 w - a +0 broad axe (weapon)
Missiles
 y - 4 throwing nets (quivered)
Armour
 c - a +0 kite shield (worn)
 d - a +0 cloak (worn)
 e - a +0 pair of boots (worn)
 o - a +2 helmet (worn)
 p - a +0 chain mail (worn)
 x - +0 swamp dragon scales
Jewellery
 a - a ring of protection from cold
 l - a +4 ring of evasion
 r - a ring of see invisible
Wands
 u - a wand of iceblast (7)
Scrolls
 h - a scroll of enchant weapon
 i - a scroll of blinking
 k - 3 scrolls of identify
 n - a scroll of magic mapping
 v - 2 scrolls of amnesia
Potions
 b - 2 potions of lignification
 f - a potion of mutation
 g - a potion of invisibility
 j - a potion of ambrosia
 m - a potion of magic {unknown}
 q - a potion of curing {unknown}
 s - a potion of cancellation
 t - 6 potions of heal wounds


   Skills:
 + Level 8.2 Fighting
 * Level 11.4 Axes
 + Level 7.4 Armour
 + Level 7.4 Shields
 + Level 2.3 Invocations


You had 9 spell levels left.
You didn't know any spells.
Your spell library contained the following spells:

 Spells                   Type           Power      Damage    Failure   Level
 Sting                    Tmut/Pois      0%         1d3       100%        1
 Corpse Rot               Necr/Air       N/A        N/A       100%        2
 Poisonous Vapours        Pois/Air       0%         N/A       100%        2
 Gell's Gravitas          Tloc           0%         N/A       100%        3
 Teleport Other           Tloc           0%         N/A       100%        3
 Dispel Undead            Necr           0%         3d6       100%        4
 Olgreb's Toxic Radiance  Pois           0%         N/A       100%        4
 Freezing Cloud           Conj/Ice/Air   0%         6-21      100%        5
 Death Channel            Necr           0%         N/A       100%        6
 Dispersal                Tloc           0%         N/A       100%        6


Dungeon Overview and Level Annotations

Branches:
Dungeon (7/15)             Temple (1/1) D:5

Altars:
Ashenzari
Cheibriados
Dithmenos
Elyvilon
Fedhas
Gozag
Hepliaklqana
Kikubaaqudgha
Makhleb
Nemelex Xobeh
Ru
Sif Muna
Trog
Uskayaw
Vehumet
Wu Jian
Xom
Yredelemnul
Zin
The Shining One

Shops:
D:3 [   D:7 [


Message History

Press: ? - help, Shift-Dir - straight line, f - seven-headed hydra
Aim: a seven-headed hydra (heavily wounded, lightly drained)
The glob of acid hits the seven-headed hydra!
The seven-headed hydra is splashed with acid.
The acid corrodes the seven-headed hydra!
The seven-headed hydra is severely wounded.
The seven-headed hydra bites you! The seven-headed hydra bites you.
The seven-headed hydra bites you but does no damage.
You block the seven-headed hydra's attack. x2
The seven-headed hydra bites you but does no damage.
The seven-headed hydra bites you!
You chop one of the seven-headed hydra's heads off!
The six-headed hydra grows two more!
You hit the eight-headed hydra.
The eight-headed hydra is heavily wounded.
You block the eight-headed hydra's attack.
The eight-headed hydra bites you but does no damage.
The eight-headed hydra bites you.
You block the eight-headed hydra's attack.
The eight-headed hydra bites you!
You block the eight-headed hydra's attack. x2
The eight-headed hydra barely misses you.
Your chain mail prevents you from hitting the eight-headed hydra.
The eight-headed hydra is heavily wounded.
The eight-headed hydra bites you!
* * * LOW HITPOINT WARNING * * *
The eight-headed hydra bites you.
* * * LOW HITPOINT WARNING * * *
You block the eight-headed hydra's attack. x3
The eight-headed hydra bites you!
* * * LOW HITPOINT WARNING * * *
The eight-headed hydra barely misses you.
The eight-headed hydra bites you!
* * * LOW HITPOINT WARNING * * *
The eight-headed hydra bites you but does no damage. x2
You block the eight-headed hydra's attack.
The eight-headed hydra barely misses you.
The eight-headed hydra bites you but does no damage.
The eight-headed hydra bites you.
You die...
Your body disappears without a glow.

.....# ###......#.# ###... ...).#
####....#.###.### #..... <.....
...........#§#.#§# #.##..
...#########....#####.######.#...
+#.##>...........#§#._.#§#.......
...##....###########...###...#...
...##....#######...#####.....#.##
...##...)'..........#§#..........
...###...#######@.#######.##.#...
#### #...##### #D.# #.....
########.....###..##########.#.##
.......'.....+...............))#
##...###.....#######.#########.##
#...# #..[..# #..# #... #...#
#...### #....# #... #...# #...#
#....# #... #...# #...# #.....#
#...


You could see an eight-headed hydra (corroded, drained).

Vanquished Creatures
  Harold (D:7)
  Maggie (D:7)
  Sigmund (D:3)
  Menkaure (D:6)
  Duvessa (D:5)
  2 orc warriors
  A hornet zombie (D:6)
  An ice beast (D:6)
  A black bear (D:6)
  An ogre (D:4)
  2 sky beasts
  A necrophage (D:7)
  A centaur (D:7)
  A phantom (D:6)
  A kobold brigand (D:6)
  Dowan (D:5)
  4 scorpions
  A wyvern zombie (D:6)
  A water moccasin skeleton (D:4)
  A howler monkey (D:6)
  3 bullfrog zombies
  A hound (D:6)
  A jelly (D:7)
  3 iguanas
  A bullfrog skeleton (D:6)
  An orc wizard (D:7)
  8 gnolls
  6 adders
  2 white imps
  3 dart slugs
  12 orcs
  6 endoplasms
  3 giant cockroaches
  6 goblins
  5 hobgoblins
  14 jackals
  2 quokkas
  6 ball pythons
  6 bats
  A frilled lizard (D:3)
  9 kobolds
  5 rats
  A bush (D:4)
130 creatures vanquished.

Vanquished Creatures (others)
  2 plants (D:4)
2 creatures vanquished.

Grand Total: 132 creatures vanquished

Notes
Turn   | Place    | Note
-------+----------+-------------------------------------------
     0 | D:1      | sking99 the Hill Orc Fighter began the quest for the Orb.
     0 | D:1      | Reached XP level 1. HP: 19/19 MP: 1/1
   115 | D:1      | Reached skill level 3 in Axes
   115 | D:1      | Reached XP level 2. HP: 21/27 MP: 2/2
   220 | D:1      | Found a faded altar of an unknown god.
   579 | D:1      | Reached XP level 3. HP: 33/33 MP: 3/3
   900 | D:1      | Reached skill level 4 in Axes
  1332 | D:2      | Reached XP level 4. HP: 38/40 MP: 4/4
  2047 | D:3      | Noticed Sigmund
  2052 | D:3      | Reached XP level 5. HP: 45/47 MP: 5/5
  2080 | D:3      | Killed Sigmund
  2081 | D:3      | Reached skill level 5 in Axes
  2081 | D:3      | Reached XP level 6. HP: 20/55 MP: 6/6
  2576 | D:3      | Found Piahyaq's Antique Armour Shop.
  2899 | D:4      | Reached skill level 5 in Fighting
  2899 | D:4      | Reached skill level 6 in Axes
  3012 | D:4      | Reached XP level 7. HP: 47/61 MP: 7/7
  3129 | D:4      | Found an opulent altar of Gozag.
  3431 | D:4      | Reached skill level 5 in Armour
  3458 | D:4      | Reached skill level 7 in Axes
  3739 | D:5      | Entered Level 5 of the Dungeon
  3754 | D:5      | Reached skill level 5 in Shields
  3968 | D:5      | Found a staircase to the Ecumenical Temple.
  3973 | Temple   | Entered the Ecumenical Temple
  4014 | Temple   | Became a worshipper of Nemelex Xobeh the Trickster
  4050 | D:5      | Noticed Duvessa
  4051 | D:5      | Noticed Dowan
  4065 | D:5      | Killed Duvessa
  4071 | D:5      | Killed Dowan
  4072 | D:5      | Reached XP level 8. HP: 56/70 MP: 8/8
  4282 | D:5      | Reached skill level 8 in Axes
  5335 | D:5      | Reached skill level 9 in Axes
  5796 | D:6      | Reached * piety under Nemelex Xobeh
  5892 | D:6      | Noticed Menkaure
  5896 | D:6      | Killed Menkaure
  5914 | D:6      | Reached XP level 9. HP: 78/79 MP: 9/9
  6130 | D:6      | Reached skill level 10 in Axes
  6617 | D:7      | Noticed Maggie
  6623 | D:7      | Found Okhlav's Armour Boutique.
  6638 | D:7      | Killed Maggie
  6981 | D:7      | Received a gift from Nemelex Xobeh
  6985 | D:7      | Found an ornate altar of the Wu Jian Council.
  7072 | D:7      | Noticed Harold
  7083 | D:7      | Killed Harold
  7084 | D:7      | Reached skill level 11 in Axes
  7084 | D:7      | Reached XP level 10. HP: 73/88 MP: 9/11
  7177 | D:7      | Noticed a six-headed hydra
  7190 | D:7      | HP: 4/88 [eight-headed hydra (7)]
  7191 | D:7      | Slain by an eight-headed hydra

Illustrated notes

Levels and vault maps discovered:
D:1:      amcnicky_arrival_single_pillar, layout_rooms,
          ebering_ecumenical_altar_box
D:2:      layout_basic
D:3:      layout_loops_corners, serial_shops, shop, minmay_quantized,
          uniq_sigmund
D:4:      layout_cave_pools, mainiacjoe_overflow_small_starburst, serial_forest,
          infiniplex_forest_clump_double, infiniplex_forest_lined_2,
          infiniplex_forest_3_way, infiniplex_forest_lined_3,
          infiniplex_forest_lined_ring, infiniplex_forest_end_3,
          infiniplex_forest_corner_1, infiniplex_forest_diagonal
D:5:      layout_loops_ring, minmay_temple_entry_wispy, uniq_duvessa
D:6:      layout_basic, portal_sewer_entry_d, kennysheep_generic_room_11,
          uniq_menkaure
D:7:      minmay_opposing_rooms, layout_basic, pdpol_wu_jian_five_deadly_venoms,
          serial_shops, shop, uniq_maggie, uniq_harold
Temple:   nicolae_temple_no_exploring_needed

Skill      XL: |  1  2  3  4  5  6  7  8  9 |
---------------+----------------------------+-----
Axes           | 3 4 5 6 7 9 11 | 11.4
Fighting       | 4 5 7 8 |  8.2
Armour         | 4 5 6 7 |  7.4
Shields        | 4 5 6 7 |  7.4
Invocations    | 2 |  2.3

Action                   |  1- 3 |  4- 6 |  7- 9 | 10-12 || total
-------------------------+-------+-------+-------+-------++-------
Melee: War axe           |   123 |   103 |   291 |       ||   517
       Broad axe         |       |       |    47 |     3 ||    50
Invok: Draw Destruction  |       |       |       |     3 ||     3
  Use: Potion            |       |     2 |       |       ||     2
       Scroll            |       |       |    14 |       ||    14
Armor: Scale mail        |    82 |    27 |       |       ||   109
       Chain mail        |       |    16 |   146 |    16 ||   178
Dodge: Dodged            |    37 |    32 |    71 |     9 ||   149
Block: Kite shield       |    75 |    42 |   157 |    16 ||   290
